Map: Proxima Station LE

Players

SpeCIaL - Winner!

  • Race: Terran Terran
  • Spawn Location: 7:00

Neeb

  • Race: Protoss Protoss
  • Spawn Location: 1:00

Event: WCS Jonkoping 2017

VOD

https://youtu.be/XML86YAxJ50

Description

Time

  • Played on: June 19, 2017, 10:07 a.m.
  • Length: 6:15

All games in this series

Show
View Real Time Build Order
Export as new Build Order

SpeCIaL Terran - Winner!

Build Orders:  

Get SALT Encoding   

  12  0:00  SCV  
  13  0:13  SCV  
  14  0:17  Supply Depot  
  14  0:25  SCV  
  15  0:29  Refinery  
  15  0:39  SCV  
  16  0:45  Barracks  
  16  0:51  SCV  
  17  1:03  SCV  
  18  1:15  SCV  
  20  1:35  Orbital Command, Reaper  
  20  1:48  Command Center  
  20  2:01  Factory, SCV  
  21  2:09  Refinery  
  21  2:11  Barracks Reactor  
  21  2:13  SCV  
  22  2:19  Supply Depot  
  22  2:25  SCV  
  23  2:41  SCV  
  24  2:47  Starport  
  24  2:53  SCV  
  24  2:57  Widow Mine x2  
  29  2:58  Marine  
  29  3:03  Orbital Command  
  30  3:05  SCV  
  31  3:18  SCV, Marine  
  33  3:25  Medivac  
  33  3:26  Widow Mine x2  
  39  3:30  SCV x2  
  41  3:34  Supply Depot  
  41  3:38  Barracks Tech Lab  
  41  3:42  SCV x2  
  43  3:55  Widow Mine x2  
  43  3:57  Medivac  
  43  3:59  SCV x2  
  43  4:00  Marine  
  43  4:02  Supply Depot  
  52  4:17  SCV x2  
  53  4:18  Marine  
  54  4:29  SCV x2  
  54  4:34  Widow Mine x2  
  59  4:41  SCV x2  
  61  4:45  Medivac  
  61  4:46  Supply Depot  
  61  4:48  Command Center  
  62  5:00  Barracks  
  62  5:02  Barracks  
  62  5:07  Marine, SCV  
  62  5:08  SCV  
  62  5:09  Supply Depot  
  62  5:11  Widow Mine x2  
  65  5:16  Starport Reactor  
  65  5:19  SCV  
  65  5:20  SCV  
  67  5:25  Marine, Engineering Bay  
  67  5:26  Engineering Bay  
  68  5:31  SCV, Refinery  
  68  5:32  SCV, Refinery  
  70  5:41  Supply Depot  
  70  5:43  Marine  
  70  5:44  SCV x2  
  71  5:50  Barracks Reactor  
  71  5:51  Barracks Tech Lab  
  71  5:56  SCV x2  
  73  6:03  Barracks  
  74  6:04  Barracks  
Show
View Real Time Build Order
Export as new Build Order

Neeb Protoss 

Build Orders: 1 Gate Expand, Oracle Opening, Phoenix Opening 

Get SALT Encoding   

  12  0:00  Probe (Chrono Boost)  
  13  0:11  Probe (Chrono Boost)  
  14  0:17  Pylon  
  14  0:22  Probe (Chrono Boost)  
  15  0:35  Probe (Chrono Boost)  
  16  0:38  Gateway  
  16  0:45  Assimilator  
  16  0:46  Probe (Chrono Boost)  
  18  0:57  Probe (Chrono Boost)  
  18  1:07  Probe (Chrono Boost)  
  19  1:18  Probe (Chrono Boost)  
  20  1:24  Nexus  
  20  1:35  Cybernetics Core  
  20  1:38  Probe (Chrono Boost)  
  21  1:44  Assimilator  
  21  1:49  Probe (Chrono Boost)  
  21  1:53  Pylon  
  22  1:59  Probe (Chrono Boost)  
  23  2:11  Probe, Warp Gate, Adept (Chrono Boost)  
  26  2:23  Probe  
  27  2:30  Stargate  
  27  2:35  Probe x2  
  29  2:37  Adept (Chrono Boost)  
  31  2:45  Probe  
  31  2:47  Probe  
  33  2:56  Probe  
  34  2:59  Probe  
  34  3:01  Adept (Chrono Boost)  
  37  3:06  Probe  
  37  3:11  Probe  
  39  3:13  Pylon, Oracle (Chrono Boost)  
  39  3:17  Probe  
  39  3:18  Pylon  
  43  3:23  Probe (Chrono Boost)  
  44  3:29  Probe (Chrono Boost), Gateway  
  44  3:32  Mothership Core  
  45  3:38  Gateway  
  47  3:41  Probe  
  47  3:46  Phoenix (Chrono Boost)  
  50  3:50  Pylon  
  50  3:52  Probe  
  50  3:53  Probe  
  49  4:02  Probe  
  49  4:06  Probe  
  49  4:08  Phoenix (Chrono Boost)  
  53  4:10  Pylon  
  53  4:13  Probe  
  54  4:18  Probe  
  54  4:23  Nexus  
  55  4:30  Probe, Oracle (Chrono Boost)  
  56  4:40  Probe  
  56  4:45  Forge  
  55  4:47  Probe  
  55  4:51  Probe  
  56  4:54  Assimilator  
  56  4:58  Assimilator  
  56  4:59  Probe  
  58  5:01  Phoenix (Chrono Boost)  
  60  5:10  Probe  
  60  5:12  Probe  
  58  5:18  Photon Cannon  
  58  5:20  Probe  
  59  5:30  Phoenix (Chrono Boost)  
  59  5:32  Probe  
  59  5:33  Probe  
  59  5:35  Probe  
  63  5:37  Photon Cannon  
  58  5:44  Probe x2  
  58  5:49  Probe  
  60  5:51  Phoenix (Chrono Boost)  
  60  5:54  Probe  
  60  5:56  Probe  
  63  6:00  Probe  
  63  6:02  Robotics Facility  
Tags
 
Add a new tag
Caveats
  • Supply blocks, unpowered buildings, or Contaminate may cause inaccurate times.
  • Supply counts are checked every 10 seconds.